 Dungeon Crawl Stone Soup version 0.18.1-50-g88ac8fd (webtiles) character file.

1465 Iflex the Nimble (level 8, 0/54 HPs)
             Began as a Merfolk Gladiator on Oct 8, 2016.
             Was a Believer of Okawaru.
             Slain by an orc wizard
             ... wielding a +0 dagger
              (4 damage)
             ... on level 6 of the Dungeon.
             The game lasted 00:32:23 (7440 turns).

Iflex the Nimble (Merfolk Gladiator)                Turns: 7440, Time: 00:32:24

Health: 0/54       AC: 14    Str: 16    XL:     8   Next: 77%
Magic:  8/8        EV: 16    Int:  5    God:    Okawaru [**....]
Gold:   233        SH:  2    Dex: 16    Spells: 0 memorised, 7 levels left

rFire  . . .     SeeInvis .     a - +0 trident
rCold  . . .     Gourm    .     b - +0 leather armour
rNeg   . . .     Faith    .     (no shield)
rPois  .         Spirit   .     c - +1 helmet
rElec  .         Dismiss  .     g - +0 cloak
rCorr  .         Reflect  .     j - +0 pair of gloves
SustAt .         Harm     .     (no boots)
MR     .....                    (no amulet)
Stlth  +++.......               B - +5 ring of protection
                                s - ring of stealth

@: exhausted, slowed, heavily drained, very slow, not resistant to hostile
enchantments, fairly stealthy
A: change form in water, swift swim, large bone plates 1, blurry vision 1, dopey
1, frail 1, regeneration 1
a: Heroism, Renounce Religion


You were on level 6 of the Dungeon.
You worshipped Okawaru.
Okawaru was pleased with you.
You were not hungry.

You visited 2 branches of the dungeon, and saw 7 of its levels.

You collected 233 gold pieces.

Inventory:

Hand Weapons
 a - a +0 trident (weapon)
Missiles
 v - 6 javelins (quivered)
Armour
 b - a +0 leather armour (worn)
 c - a +1 helmet (worn)
 g - a +0 cloak (worn)
 j - a +0 pair of gloves (worn)
 o - a +0 large shield
 C - a -2 leather armour
Jewellery
 n - an uncursed ring of loudness
 s - a ring of stealth (left hand)
 y - an uncursed ring of sustain attributes
 B - a +5 ring of protection (right hand)
Wands
 D - a wand of lightning (3/15)
Scrolls
 d - 2 scrolls of magic mapping
 e - 3 scrolls of immolation
 h - 4 scrolls of teleportation
 i - a scroll of enchant armour
 l - a scroll of random uselessness
 u - a scroll of blinking
 x - a scroll of fog
Potions
 k - a potion of degeneration
 m - a potion of curing
 q - a potion of haste
 r - a potion of cancellation
Books
 t - a book of Envenomations

   Spells                             Type                      Level
   a - Spider Form                    Transmutation/Poison         3
   b - Olgreb's Toxic Radiance        Poison                       4
   c - Alistair's Intoxication        Transmutation/Poison         5
   d - Poisonous Cloud                Conjuration/Poison/Air       6
Comestibles
 f - 4 bread rations
 p - 2 chunks of flesh


   Skills:
 + Level 4.6(2.6) Fighting
 + Level 8.1(5.9) Polearms
 + Level 3.3(1.3) Throwing
 + Level 3.1(1.2) Armour
 + Level 8.9(6.6) Dodging
 + Level 2.7(0.8) Stealth
 + Level 1.4(0.0) Shields


You had 7 spell levels left.
You didn't know any spells.

Dungeon Overview and Level Annotations

Branches:
Dungeon (6/15)             Temple (1/1) D:5

Altars:
Dithmenos
Elyvilon
Fedhas
Kikubaaqudgha
Nemelex Xobeh
Okawaru
Pakellas
Sif Muna
Trog
Vehumet
Xom
Yredelemnul
Zin

Annotations:
D:4 p0werm0de's ghost, amateur DsWr


Innate Abilities, Weirdness & Mutations

You revert to your normal form in water.
You are very nimble and swift while swimming.
You are partially covered in large bone plates (AC +2, SH +2).
Scrolls take you a little longer to read.
You are dopey. (Int -2)
You are frail (-10% HP).
Your natural rate of healing is unusually fast.


Message History

The orc priest is severely wounded.
You feel less confused.
The orc wizard points at you and mumbles some strange words.
The puff of flame hits something.
The orc priest calls upon Beogh to heal the orc wizard.
The orc wizard is healed somewhat.
Something barely misses you.
You hit the orc priest.
The orc priest is severely wounded.
The orc wizard completely misses you.
The orc priest complains loudly.
The orc priest misses you. Something barely misses you.
The orc wizard hits you but does no damage.
The orc priest calls down the wrath of Beogh upon you.
Beogh smites you!
* * * LOW HITPOINT WARNING * * *
You barely miss the orc priest.
The orc priest is severely wounded.
The orc wizard barely misses you. The orc priest completely misses you.
The orc wizard hits you with a dagger.
You die...

#..# #..# ##.>#
##.## ####..# #..#
#####$....####..#
###..........##..##
..............#..#
..##...#####..#.##
#o.. #ooo.# #....
##@..# #.... ##.##
#.... #.# ..... #.#
#..... #.# #.# #.#
.#


You could see an orc priest, an orc wizard and an orc.

Vanquished Creatures
  Grinder (D:4)
  An ice beast (D:3)
  2 sky beasts
  2 phantoms (D:5)
  An ogre (D:4)
  A centaur (D:5)
  A giant frog (D:6)
  3 crimson imps (D:5)
  An orc priest (D:3)
  2 orc wizards (D:5)
  A giant frog skeleton (D:5)
  A gnoll shaman (D:4)
  2 worker ants
  Robin (D:2)
  10 adders
  5 gnolls
  A shadow imp (D:5)
  2 oozes (D:1)
  2 adder zombies (D:5)
  2 worms (D:2)
  3 dart slugs
  5 giant geckos
  9 orcs
  2 ball pythons
  3 bats
  6 giant cockroaches
  8 hobgoblins
  12 jackals
  3 quokkas
  A ball python zombie (D:5)
  4 giant newts
  20 goblins
  5 kobolds
  8 rats
131 creatures vanquished.

Notes
Turn   | Place    | Note
--------------------------------------------------------------
     0 | D:1      | Iflex the Merfolk Gladiator began the quest for the Orb.
     0 | D:1      | Reached XP level 1. HP: 16/16 MP: 1/1
   160 | D:1      | Reached XP level 2. HP: 20/23 MP: 2/2
   181 | D:1      | Reached skill level 5 in Polearms
   223 | D:1      | Reached XP level 3. HP: 19/28 MP: 3/3
   652 | D:2      | Noticed Robin
   673 | D:1      | Reached XP level 4. HP: 20/34 MP: 4/4
  1047 | D:2      | Reached skill level 5 in Dodging
  1150 | D:2      | Found a basalt altar of Yredelemnul.
  1178 | D:2      | HP: 1/34 [goblin/dagger[Robin] (5)]
  1183 | D:2      | Killed Robin
  1448 | D:2      | Found an ancient bone altar of Kikubaaqudgha.
  1667 | D:3      | Noticed an orc warrior
  1678 | D:3      | Reached XP level 5. HP: 29/40 MP: 5/5
  2308 | D:3      | Noticed an ice beast
  2364 | D:3      | Killed an ice beast
  2364 | D:3      | Reached skill level 1 in Armour
  2364 | D:3      | Reached skill level 1 in Stealth
  2364 | D:3      | Reached skill level 1 in Shields
  2364 | D:3      | Reached XP level 6. HP: 47/47 MP: 6/6
  2877 | D:3      | Found an oddly glowing altar of Pakellas.
  3013 | D:4      | Found a radiant altar of Vehumet.
  3013 | D:4      | Found an iron altar of Okawaru.
  3017 | D:4      | Became a worshipper of Warmaster Okawaru
  3457 | D:4      | Noticed p0werm0de's ghost (amateur DsWr)
  3503 | D:5      | Entered Level 5 of the Dungeon
  3666 | D:5      | Noticed a phantom
  3668 | D:5      | Noticed a phantom
  3837 | D:5      | Noticed a sky beast
  4199 | D:5      | Reached XP level 7. HP: 46/52 MP: 7/7
  4422 | D:4      | Noticed Grinder
  4460 | D:4      | Killed Grinder
  4460 | D:4      | Reached * piety under Okawaru
  4512 | D:4      | Reached XP level 8. HP: 53/60 MP: 8/8
  5014 | D:5      | Found a staircase to the Ecumenical Temple.
  5025 | Temple   | Entered the Ecumenical Temple
  5042 | Temple   | Gained mutation: Your natural rate of healing is unusually fast. [mutagenic meat]
  5043 | Temple   | Gained mutation: Scrolls take you a little longer to read. [mutagenic meat]
  5044 | Temple   | Gained mutation: You are frail (-10% HP). [mutagenic meat]
  5045 | Temple   | Gained mutation: You are partially covered in large bone plates (AC +2, SH +2). [mutagenic meat]
  5046 | Temple   | Gained mutation: You are dopey. (Int -2) [mutagenic meat]
  6605 | D:5      | Reached ** piety under Okawaru
  7050 | D:5      | Noticed a cyclops
  7440 | D:6      | Slain by an orc wizard

Skill      XL: |  1  2  3  4  5  6  7  8 |
---------------+-------------------------+-----
Polearms       | 5 6 7 8 |  8.1
Dodging        | 5 6 7 8 |  8.9
Fighting       | 3 4 |  4.6
Armour         | 1 2 3 |  3.1
Stealth        | 1 2 |  2.7
Shields        | 1 |  1.4
Throwing       | 3 |  3.3

Action                   |  1- 3 |  4- 6 |  7- 9 || total
-------------------------+-------+-------+-------++-------
Melee: Trident           |   107 |   236 |   385 ||   728
Throw: Throwing net      |       |     5 |       ||     5
       Javelin           |       |       |    31 ||    31
Invok: Heroism           |       |       |     2 ||     2
  Use: Potion            |       |     2 |     2 ||     4
       Scroll            |       |    13 |     4 ||    17
 Stab: Sleeping          |     1 |     7 |       ||     8
       Held in net/web   |       |     3 |       ||     3
       Distracted        |       |     2 |       ||     2
  Eat: Meat ration       |       |     1 |       ||     1
       Chunk             |       |     1 |     9 ||    10
       Bread ration      |       |     1 |     2 ||     3
Armor: Leather armour    |    17 |    78 |   126 ||   221
Dodge: Dodged            |    54 |   235 |   275 ||   564
Block: Large shield      |       |    13 |       ||    13
       Other             |       |       |    18 ||    18
